 Dungeon Crawl Stone Soup version 0.20.1-1-g8b1a95d (webtiles) character file.

296 vineage the Cudgeler (level 6, -4/61 HPs)
             Began as a Demonspawn Gladiator on Sept 23, 2017.
             Slain by Crazy Yiuf
             ... wielding a +4 quarterstaff of chaos
              (5 damage)
             ... while paralysed by Crazy Yiuf
             ... on level 3 of the Dungeon.
             The game lasted 00:04:01 (2750 turns).

vineage the Cudgeler (Demonspawn Gladiator)         Turns: 2750, Time: 00:04:01

Health: -4/61      AC: 23    Str: 17    XL:     6   Next: 12%
Magic:  0/6        EV:  2    Int:  9    God:
Gold:   126        SH:  0    Dex: 14    Spells: 5/5 levels left

rFire    . . .     SeeInvis .   a - +0 flail
rCold    . . .     Gourm    .   j - +0 buckler
rNeg     + + +     Faith    .   (armour currently unavailable)
rPois    +         Spirit   +   (helmet currently unavailable)
rElec    .         Reflect  .   (cloak currently unavailable)
rCorr    .         Harm     .   (gloves currently unavailable)
MR       .....     Clarity  +   (boots currently unavailable) Stlth ++........NoTele +
                                (no amulet)
Regen    0.2/turn               (no ring)
MPRegen  0.1/turn               (no ring)

@: paralysed, lethally poisoned (-4 -> -6), tree-form, very slightly
contaminated, drained
A: clarity, frail 1, magic shield
a: no special abilities


You were on level 3 of the Dungeon.
You were not hungry.
You were a tree.
You visited 1 branch of the dungeon, and saw 3 of its levels.

You collected 126 gold pieces.

Inventory:

Hand Weapons
 a - a +0 flail (weapon)
Missiles
 d - 3 throwing nets (quivered)
Armour
 b - a +0 leather armour
 c - a +0 helmet (melded)
 j - a +0 buckler (worn)
 x - a +0 scale mail (melded)
Scrolls
 e - 3 scrolls of identify
 g - a scroll of magic mapping {unknown}
 h - 2 scrolls of remove curse
 l - 3 scrolls of amnesia {unknown}
 p - a scroll of fear {unknown}
 q - a scroll of random uselessness {unknown}
 r - a scroll of immolation {unknown}
 s - a scroll of teleportation
 t - a scroll of enchant weapon {unknown}
Potions
 i - a potion of haste
 o - 2 potions of agility
 v - 2 potions of flight {unknown}
 z - a potion of berserk rage {unknown}
Comestibles
 f - a bread ration
 m - 2 royal jellies
 u - a meat ration
 w - a fruit


   Skills:
 + Level 2.6(2.2) Fighting
 + Level 4.6(4.3) Maces & Flails
 + Level 1.7(1.4) Throwing
 + Level 2.1(1.8) Armour
 + Level 3.4(3.1) Dodging
 + Level 1.2(0.8) Stealth
 + Level 0.8(0.5) Shields


You had 5 spell levels left.
You didn't know any spells.

Dungeon Overview and Level Annotations

Branches:
Dungeon (3/15)

Altars:
Xom

Annotations:
D:3 Crazy Yiuf


Innate Abilities, Weirdness & Mutations

((You have sharp fingernails.))
((You are mostly covered in yellow scales. (AC +3)))
When hurt, damage is shared between your health and your magic reserves.
((You have large cloven feet.))
You possess an exceptional clarity of mind.
You are frail. (-10% HP)


Message History

Your transformation has ended.
Your +0 flail unmelds from your body.
Your +0 helmet unmelds from your body.
Your +0 buckler unmelds from your body.
Your +0 scale mail unmelds from your body.
You feel sick.
Crazy Yiuf hits you with a quarterstaff of chaos!
* * * LOW HITPOINT WARNING * * *
Crazy Yiuf freezes you.
* * * LOW HITPOINT WARNING * * *
It was a potion of lignification.
You turn into a tree.
Your +0 helmet melds into your body.
Your +0 scale mail melds into your body.
Your roots penetrate the ground.
Crazy Yiuf hits you with a quarterstaff of chaos.
* * * LOW HITPOINT WARNING * * *
You suddenly lose the ability to move!
You flicker back into view.
* * * LOW HITPOINT WARNING * * *
You feel sick. Crazy Yiuf hits you but does no damage. Space bends around you.
You die...

...........# #....#
....####...# ##...#
....# #...# ##.##
....## #...# ##.#
.....# #...# #.##
.....####### ##.#
...........# #.##
......###### ##g##
......# #.♣.# ......#
#...# ......# #)..#
......# ##### ......#
......#########
..............#
'####.#######.#######
.........##.........#


You could see Crazy Yiuf.

Vanquished Creatures
  The ghost of hilaritas the Stinger, an amateur MfVM (D:3)
  5 adders
  An ooze (D:1)
  3 worms (D:2)
  A dart slug (D:1)
  2 leopard geckos
  An orc (D:3)
  A ball python (D:3)
  2 giant cockroaches (D:3)
  3 goblins
  4 hobgoblins
  5 jackals
  A quokka (D:3)
  7 bats
  3 frilled lizards
  8 kobolds
  8 rats
56 creatures vanquished.

Notes
Turn   | Place    | Note
-------+----------+-------------------------------------------
     0 | D:1      | vineage the Demonspawn Gladiator began the quest for the Orb.
     0 | D:1      | Reached XP level 1. HP: 16/16 MP: 1/1
   258 | D:1      | Gained mutation: When hurt, damage is shared between your health and your magic reserves. [demonic ancestry]
   258 | D:1      | Reached XP level 2. HP: 22/22 MP: 2/2
   502 | D:1      | Reached skill level 3 in Maces & Flails
  1033 | D:1      | Gained mutation: You are partially covered in yellow scales. (AC +2) [demonic ancestry]
  1033 | D:1      | Reached XP level 3. HP: 27/28 MP: 1/3
  1830 | D:3      | Gained mutation: Armour fits poorly on your strangely shaped body. [potion of mutation]
  1830 | D:3      | Gained mutation: Your natural rate of healing is unusually fast. [potion of mutation]
  1830 | D:3      | Gained mutation: Your mind is acute. (Int +2) [potion of mutation]
  1830 | D:3      | Gained mutation: You are robust. (+10% HP) [potion of mutation]
  1831 | D:3      | Lost mutation: Armour fits poorly on your strangely shaped body. [potion of mutation]
  1831 | D:3      | Lost mutation: You are robust. (+10% HP) [potion of mutation]
  1831 | D:3      | Lost mutation: Your mind is acute. (Int +2) [potion of mutation]
  1831 | D:3      | Lost mutation: Your natural rate of healing is unusually fast. [potion of mutation]
  1831 | D:3      | Gained mutation: You are frail. (-10% HP) [potion of mutation]
  1831 | D:3      | Gained mutation: You possess an exceptional clarity of mind. [potion of mutation]
  1831 | D:3      | Gained mutation: You have large cloven feet. [potion of mutation]
  1849 | D:3      | Gained mutation: You are mostly covered in yellow scales. (AC +3) [demonic ancestry]
  1849 | D:3      | Reached XP level 4. HP: 29/30 MP: 4/4
  1869 | D:3      | Reached skill level 1 in Armour
  1949 | D:3      | Reached skill level 1 in Stealth
  2087 | D:3      | Noticed hilaritas's ghost (amateur MfVM)
  2106 | D:3      | Killed hilaritas's ghost
  2106 | D:3      | Reached skill level 4 in Maces & Flails
  2106 | D:3      | Reached XP level 5. HP: 21/35 MP: 2/5
  2106 | D:3      | Gained mutation: You have sharp fingernails. [demonic ancestry]
  2106 | D:3      | Reached XP level 6. HP: 25/41 MP: 2/6
  2569 | D:3      | Found a shimmering altar of Xom.
  2720 | D:3      | Found a runed door.
  2724 | D:3      | Noticed Crazy Yiuf
  2749 | D:3      | HP: 2/61 [Crazy Yiuf/quarterstaff of chaos (2)]
  2749 | D:3      | Paralysed by Crazy Yiuf for 6 turns
  2750 | D:3      | Slain by Crazy Yiuf

Skill      XL: |  1  2  3  4 |
---------------+-------------+-----
Maces & Flails | 3 4 |  4.6
Dodging        | 3 |  3.4
Armour         | 2 |  2.1
Stealth        | 1 |  1.2
Fighting       | |  2.6
Throwing       | |  1.7
Shields        | |  0.8

Action                   |  1- 3 |  4- 6 || total
-------------------------+-------+-------++-------
Melee: Flail             |   153 |    64 ||   217
       Kick              |       |    14 ||    14
       Unarmed           |       |    20 ||    20
  Use: Scroll            |     6 |       ||     6
       Potion            |     2 |     3 ||     5
 Stab: Sleeping          |     2 |       ||     2
       Invisible         |       |     5 ||     5
  Eat: Chunk             |     2 |     4 ||     6
Armor: Leather armour    |    50 |       ||    50
       Scale mail        |     4 |    37 ||    41
       Skin              |       |     1 ||     1
Dodge: Dodged            |   118 |    46 ||   164
Block: Buckler           |    18 |    12 ||    30
